 Dungeon Crawl Stone Soup version 0.31-a0-221-gbddc013574 (webtiles) character file.

Game seed: 3074907027241849950

4486 pokeman the Thaumaturge (level 10, -3/56 HPs)
             Began as a Deep Elf Hedge Wizard on July 4, 2023.
             Was an Initiate of Vehumet.
             Slain by an orc warrior
             ... wielding a +0 glaive
              (20 damage)
             ... on level 8 of the Dungeon.
             The game lasted 00:23:55 (9543 turns).

pokeman the Thaumaturge (Deep Elf Hedge Wizard)     Turns: 9543, Time: 00:23:55

Health: -3/56      AC:  9    Str:  7    XL:     10   Next: 16%
Magic:  25/37      EV: 12    Int: 24    God:    Vehumet [......]
Gold:   333        SH:  0    Dex: 14    Spells: 21/34 levels left

rFire   . . .        H - +2 whip (venom)
rCold   . . .        (no shield)
rNeg    . . .        I - +0 acid dragon scales
rPois   +            c - +0 hat
rElec   .            (no cloak)
rCorr   +            (no gloves)
SInv    .            a - +2 pair of boots {Fly}
Will    +....        (no amulet)
Stlth   ++           L - ring of poison resistance
HPRegen 0.29/turn    u - ring of magical power
MPRegen 0.25/turn

%: no passive effects
@: flying
A: no striking features
a: Renounce Religion


You were on level 8 of the Dungeon.
You worshipped Vehumet.
Vehumet was noncommittal.
You visited 2 branches of the dungeon, and saw 9 of its levels.
You also visited: Ossuary.

You collected 441 gold pieces.
You spent 108 gold pieces at shops.

Inventory:

Hand Weapons
 n - a +1 short sword of electrocution
 o - a +2 sling of electrocution
 H - a +2 whip of venom (weapon)
Missiles
 v - a curare-tipped dart
Armour
 a - a +2 pair of boots of flying (worn)
 c - a +0 hat (worn)
 I - +0 acid dragon scales (worn)
Jewellery
 j - an amulet of faith
 s - a +6 ring of strength
 u - a ring of magical power (right hand)
 L - a ring of poison resistance (left hand)
 Q - a +6 ring of strength
Wands
 b - a wand of digging (7)
 i - a wand of paralysis (24)
 t - a wand of mindburst (33)
 x - a wand of flame (4)
 P - a wand of acid (7)
Scrolls
 e - a scroll of noise {unknown}
 f - 7 scrolls of teleportation {unknown}
 h - 2 scrolls of vulnerability {unknown}
 l - 2 scrolls of immolation {unknown}
 r - 2 scrolls of fog {unknown}
 w - a scroll of acquirement {unknown}
 y - 4 scrolls of revelation {unknown}
 D - a scroll of fear {unknown}
 K - 6 scrolls of identify {unknown}
 M - a scroll of summoning {unknown}
 N - a scroll of poison {unknown}
 O - a scroll of enchant armour {unknown}
 R - a scroll of silence {unknown}
Potions
 d - a potion of magic
 g - 3 potions of berserk rage {unknown}
 k - 3 potions of haste {unknown}
 m - 2 potions of heal wounds {unknown}
 p - 4 potions of might {unknown}
 q - a potion of lignification {unknown}
 z - a potion of resistance {unknown}
 A - a potion of attraction {unknown}
 B - 3 potions of curing {unknown}
 C - 3 potions of mutation {unknown}
 E - a potion of ambrosia {unknown}
 F - 2 potions of degeneration {unknown}
 G - a potion of invisibility {unknown}
 J - 2 potions of brilliance {unknown}


   Skills:
 + Level 3.5 Fighting
 - Level 3.1 Armour
 - Level 5.2 Dodging
 - Level 3.0 Stealth
 * Level 12.6 Spellcasting
 + Level 7.1 Conjurations
 - Level 3.2 Summonings
 - Level 1.1 Translocations
 - Level 1.0 Air Magic
 + Level 5.4 Earth Magic
 - Level 1.0 Poison Magic
 - Level 1.1 Evocations


You had 21 spell levels left.
You knew the following spells:

 Your Spells              Type           Power      Damage    Failure   Level
a - Magic Dart            Conj           100%       1d8       1%          1
b - Mephitic Cloud        Conj/Pois/Air  29%        N/A       6%          3
c - Call Imp              Summ           60%        N/A       3%          2
d - Blink                 Tloc           40%        N/A       7%          2
e - Lee's Rapid Deconstr  Erth           20%        3d12*     22%         5

Your spell library contained the following spells:

 Spells                   Type           Power      Damage    Failure   Level
 Slow                     Hex            60%        N/A       8%          1
 Cigotuvi's Dreadful Rot  Necr/Pois/Air  36%        N/A       9%          2
 Leda's Liquefaction      Hex/Erth       14%        N/A       24%         4
 Leda's Unmaking          Conj/Erth      22%        9d4       63%         6
 Statue Form              Tmut/Erth      18%        N/A       98%         6


Dungeon Overview and Level Annotations

Branches:
Dungeon (8/15)             Temple (1/1) D:7         Ossuary (visited)
   Lair: D:8-11

Altars:
Elyvilon
Makhleb
Nemelex Xobeh
Okawaru
Sif Muna
Vehumet
Zin
The Shining One

Shops:
D:7 [*[


Message History

Vehumet accepts your kill.
Reactivating autopickup.
You feel a bit more experienced. The orc warrior barely misses you.
The killer bee is engulfed in noxious fumes.
The killer bee appears confused.
The centaur is engulfed in noxious fumes.
The centaur appears confused.
The centaur is engulfed in noxious fumes.
Unknown command.
Unknown command.
You whack the orc warrior!
The orc warrior is heavily wounded.
The killer bee is engulfed in noxious fumes.
The killer bee appears confused.
The centaur is engulfed in noxious fumes.
The centaur appears confused.
The orc warrior hits the centaur with a +0 glaive!
Unknown command.
You completely miss the centaur.
The centaur is severely wounded.
The centaur is engulfed in noxious fumes.
The centaur appears confused.
Unknown command.
You hit the orc warrior.
The orc warrior looks as sick as possible!
The orc warrior is heavily wounded.
The killer bee stings you! The killer bee barely misses you.
The orc warrior hits the killer bee with a +0 glaive!
The killer bee is killed!
Vehumet accepts your kill.
Unknown command.
You hit the centaur.
The centaur is poisoned.
The centaur is lightly wounded.
The orc warrior closely misses you.
Unknown command.
You strike the helpless orc warrior from behind!
You hit the orc warrior but do no damage.
The orc warrior is heavily wounded.
The orc warrior hits you with a +0 glaive!!
You die...

........!.....
#.............
#............
#.?.........
#..........#
#.........°#
#......†...#
#.....c†...#
#....co@)..#
.....#+###......#
.... ......# ..
......# .?....#
#+##... ... ..


You could see an orc warrior (confused, extremely poisoned) and 2 centaurs.

Vanquished Creatures
  Pikel (D:7)
  A cyclops (D:6)
  Grinder (D:5)
  A wraith (D:6)
  A steam dragon (D:7)
  An acid dragon (D:6)
  An orc warrior (D:7)
  3 sky beasts
  A black bear (D:5)
  An ice beast (D:5)
  3 ogres
  3 lemures (D:7)
  A phantom (D:6)
  A kobold brigand (D:4)
  2 elf zombies (Ossuary)
  A gnoll sergeant (D:6)
  3 scorpions
  A bullfrog (D:8)
  8 wights
  2 killer bees (D:8)
  A howler monkey (D:6)
  A centaur zombie (Ossuary)
  3 jellies
  A human zombie (Ossuary)
  2 orc priests
  3 hounds
  5 iguanas
  6 orc wizards
  An ogre zombie (Ossuary)
  7 mummies (Ossuary)
  9 gnolls (D:6)
  5 adders
  6 shadow imps
  2 white imps
  An ufetubus (D:6)
  4 adder zombies (Ossuary)
  A worm (D:4)
  4 dart slugs
  23 orcs
  6 ball pythons
  2 endoplasms
  2 giant cockroaches
  2 gnoll zombies (Ossuary)
  4 goblins
  6 hobgoblins
  7 jackals
  25 kobolds
  3 quokkas
  11 bats
  3 frilled lizards
  3 goblin zombies (Ossuary)
  A hobgoblin zombie (Ossuary)
  4 kobold zombies (Ossuary)
  4 quokka zombies (Ossuary)
  3 rats
  4 rat zombies (Ossuary)
  A spectral hobgoblin (D:1)
213 creatures vanquished.

Vanquished Creatures (collateral kills)
  A centaur zombie (Ossuary)
  2 ogre zombies (Ossuary)
3 creatures vanquished.

Grand Total: 216 creatures vanquished

Notes
Turn   | Place    | Note
-------+----------+-------------------------------------------
     0 | D:1      | pokeman the Deep Elf Hedge Wizard began the quest for the
                  | Orb.
     0 | D:1      | Reached XP level 1. HP: 10/10 MP: 7/7
   438 | D:1      | Reached XP level 2. HP: 11/16 MP: 1/9
   760 | D:1      | Found a faded altar of an unknown god.
  1344 | D:2      | Reached skill level 5 in Spellcasting
  1344 | D:2      | Reached XP level 3. HP: 20/20 MP: 5/11
  1348 | D:2      | Learned a level 3 spell: Mephitic Cloud
  1351 | D:2      | Learned a level 2 spell: Call Imp
  1354 | D:2      | Learned a level 2 spell: Blink
  2187 | D:3      | Reached skill level 1 in Fighting
  2264 | D:3      | Reached skill level 1 in Armour
  2342 | D:3      | Found a transporter.
  2438 | D:3      | Found a transporter.
  2477 | D:3      | Reached XP level 4. HP: 12/25 MP: 3/13
  3323 | D:3      | Reached skill level 6 in Spellcasting
  3487 | D:4      | Reached XP level 5. HP: 29/29 MP: 15/15
  3670 | D:4      | Reached skill level 1 in Evocations
  3674 | D:4      | Reached XP level 6. HP: 30/34 MP: 13/17
  3682 | D:4      | Reached skill level 1 in Poison Magic
  3812 | D:4      | Reached skill level 1 in Air Magic
  4552 | D:5      | Entered Level 5 of the Dungeon
  4573 | D:5      | Reached skill level 7 in Spellcasting
  4698 | D:5      | Noticed Grinder
  4895 | D:5      | Reached XP level 7. HP: 22/38 MP: 17/19
  5157 | D:5      | Reached skill level 8 in Spellcasting
  5329 | D:5      | Paralysed by Grinder for 4 turns
  5338 | D:5      | Killed Grinder
  5339 | D:5      | Reached skill level 5 in Dodging
  5339 | D:5      | Reached XP level 8. HP: 40/44 MP: 19/22
  5416 | D:5      | Learned a level 5 spell: Lee's Rapid Deconstruction
  5604 | D:6      | Reached skill level 9 in Spellcasting
  5604 | D:6      | Reached skill level 1 in Earth Magic
  5757 | D:6      | Reached skill level 5 in Conjurations
  5757 | D:6      | Found a sand-covered staircase.
  5770 | Ossuary  | Entered an ossuary
  6102 | Ossuary  | Reached skill level 10 in Spellcasting
  6917 | Ossuary  | Reached XP level 9. HP: 46/48 MP: 25/25
  7386 | D:6      | Noticed a cyclops
  7621 | D:6      | Killed a cyclops
  7646 | D:6      | Reached skill level 11 in Spellcasting
  8269 | D:7      | Reached skill level 12 in Spellcasting
  8311 | D:7      | Found a staircase to the Ecumenical Temple.
  8320 | Temple   | Entered the Ecumenical Temple
  8452 | Temple   | Became a worshipper of Vehumet
  8564 | D:7      | Found Xeyr's Armour Shoppe.
  8575 | D:7      | Found Uretyxze's Assorted Antiques.
  8581 | D:7      | Bought a scroll labelled XAITOC COHE for 36 gold pieces
  8581 | D:7      | Bought a scroll labelled BOLESIBUTOE for 36 gold pieces
  8581 | D:7      | Bought a scroll labelled XAITOC COHE for 36 gold pieces
  8735 | D:7      | Noticed Pikel
  8818 | D:7      | Killed Pikel
  8819 | D:7      | Reached skill level 5 in Earth Magic
  8819 | D:7      | Reached XP level 10. HP: 34/56 MP: 28/28
  8963 | D:7      | Found Dacloh's Antique Armour Shop.
  9543 | D:8      | Slain by an orc warrior

Illustrated notes

Levels and vault maps discovered:
D:1:      giann_wishing_wells, layout_basic,
          dreamdust_ecumenical_altar_drowned_temple, st_stairs_1
D:2:      layout_basic, minmay_misc_feat_room
D:3:      gammafunk_wand_slinger, layout_basic
D:4:      kennysheep_kobold_camp, layout_gridville
D:5:      layout_rooms, uniq_grinder
D:6:      layout_loops_cross, nicolae_ossuary_entry_ruins, st_stairs_5,
          hangedman_minor_gate_pass
D:7:      layout_gridville, minmay_temple_entry_ruins, serial_shops, shop,
          nicolae_shop_rolling_square, shop, uniq_pikel
D:8:      layout_gridville, ashenzari_conservatory_becter,
          grunt_dithmenos_smoke_and_mirrors, serial_shops, shop
Temple:   nicolae_temple_figure_eight

Skill      XL: |  1  2  3  4  5  6  7  8  9 10 |
---------------+-------------------------------+-----
Spellcasting   | 5 6 7 8 10 12 | 12.6
Fighting       | 1 2 3 |  3.5
Armour         | 1 2 3 |  3.1
Conjurations   | 2 3 4 5 6 7 |  7.1
Stealth        | 3 |  3.0
Dodging        | 3 4 5 |  5.2
Evocations     | 1 |  1.1
Poison Magic   | 1 |  1.0
Air Magic      | 1 |  1.0
Summonings     | 2 3 |  3.2
Earth Magic    | 3 5 |  5.4
Translocations | |  1.1

Action                     |  1- 3 |  4- 6 |  7- 9 | 10-12 || total
---------------------------+-------+-------+-------+-------++-------
  Melee: Whip              |     1 |       |       |    14 ||    15
         Short sword       |       |       |   111 |       ||   111
   Fire: Sling             |     7 |    70 |   201 |    10 ||   288
   Cast: Magic Dart        |   102 |   146 |   242 |       ||   490
         Mephitic Cloud    |       |     9 |    28 |     9 ||    46
         Call Imp          |       |     4 |    14 |       ||    18
         Blink             |       |     1 |     6 |       ||     7
  Evoke: Wand              |       |       |     3 |       ||     3
   Stab: Sleeping          |       |       |     2 |       ||     2
         Distracted        |       |       |     1 |       ||     1
         Confused          |       |       |       |     2 ||     2
 Armour: Robe              |    11 |    14 |    64 |       ||    89
         Acid dragon scale |       |       |    16 |     5 ||    21
  Dodge: Dodged            |    25 |    42 |   169 |    27 ||   263

Table legend: (Time is in decaauts)
 A = Elapsed time spent in this place.
 B = Non-inter-level travel time spent in this place.
 C = Inter-level travel time spent in this place.
 D = Time resting spent in this place.
 E = Time spent auto-exploring this place.
 F = Levels seen in this place.
 G = Mean time per level.
                   A        B        C        D        E       F      G
               +--------+--------+--------+--------+--------+-----+--------+
         Total |   9670 |   9370 |    300 |    405 |   7081 |  10 |  967.0 |
       Dungeon |   8352 |   8064 |    288 |    405 |   6111 |   8 | 1044.0 |
        Temple |    145 |    133 |     12 |      0 |    125 |   1 |  145.0 |
       Ossuary |   1171 |   1171 |      0 |      0 |    845 |   1 | 1171.0 |
               +--------+--------+--------+--------+--------+-----+--------+

Top non-repeatable levels by time:
     D:7: 1418 daAuts
     D:4: 1260 daAuts
     D:3: 1257 daAuts
     D:1: 1256 daAuts
     D:6: 1223 daAuts
 Ossuary: 1171 daAuts
     D:5: 1003 daAuts
     D:2: 899 daAuts
  Temple: 145 daAuts
     D:8: 33 daAuts
